Cogmind - Beta 13 @@@ ROGUE MODE // 2024.06.23 @ 13:03:54 Player: Kai Result: Self-destructed Performance ------------- Evolutions (6) 3000 Regions Visited (10) 2000 Robots Destroyed (141) 705 Value Destroyed (3408) 3408 Prototype IDs (27) 540 Alien Tech Used (0) 0 Bonus (777) 777 TOTAL SCORE: 10430 Bonus ------- High Alert Combat Kills 284 Follower Combat Kills 193 Aligned with FarCom 300 Cogmind --------- Core Integrity 1128/1150 Matter 225/300 Energy 290/310 System Corruption 0% Temperature Cool (0) Movement Walking (120) Location -4/Factory Parts ------- > --- POWER (2) -------- Fission Core > --- PROPULSION (5) --- Myomer Leg Antigrav System Impulse Thruster > --- UTILITY (10) ----- Improved Heat Sink Improved Coolant Injector Advanced Weight Redist. System Enhanced Optical Array Improved Terrain Scan Processor Advanced Transmission Jammer Advanced ECM Suite Hacking Suite System Shield > --- WEAPON (2) ------- KE Penetrator Force Lance > --- INVENTORY (5) ---- (None) Peak State ------------ > --- POWER ------------ Fission Core > --- PROPULSION ------- Myomer Leg Antigrav System Impulse Thruster > --- UTILITY ---------- Improved Heat Sink Improved Coolant Injector Advanced Weight Redist. System Enhanced Optical Array Improved Terrain Scan Processor Advanced Transmission Jammer Advanced ECM Suite Hacking Suite System Shield > --- WEAPON ----------- KE Penetrator Force Lance > --- INVENTORY -------- (None) [Rating: 75] Favorites ----------- Power Improved Ion Engine Engine Improved Ion Engine Power Core Micro Fission Core Propulsion Advanced Treads Treads Advanced Treads Leg Carbon-fiber Leg Hover Unit Antigrav System Flight Unit Cesium-ion Thruster Utility Visual Processing Unit Device Trap Scanner Storage High-capacity Storage Unit Processor Visual Processing Unit Hackware Hacking Suite Protection Improved Light Armor Plating Weapon Grenade Launcher Energy Gun Tesla Rifle Energy Cannon Particle Cannon Ballistic Gun Autogun Launcher Grenade Launcher Special Weapon Field Lobotomy Kit Slashing Weapon Axe Piercing Weapon Force Lance Build | -11 -10 -9 -9 -9 -8 -8 -7 -6 -5 -4 ------- Run | Yrd Mat Mat Min Exi Min Mat Fac Fac Fac Fac Slots Evolved 12 | . . 2 . . . 2 2 2 2 2 Power 1 | . . . . . . . . 1 . . Propulsion 3 | . . 1 . . . . 1 . 1 . Utility 8 | . . 1 . . . 2 1 1 1 2 Weapon . | . . . . . . . . . . . Parts Attached 118 | 6 11 7 . 2 6 41 6 11 21 7 Power 18 | 1 1 1 . . . 5 . 4 4 2 Engine 5 | 1 1 1 . . . 1 . 1 . . Core 13 | . . . . . . 4 . 3 4 2 Reactor . | . . . . . . . . . . . Propulsion 34 | 2 2 4 . . 3 12 1 1 6 3 Treads 18 | 2 2 4 . . 3 7 . . . . Leg 3 | . . . . . . 1 . . . 2 Wheel . | . . . . . . . . . . . Hover 4 | . . . . . . 1 . . 3 . Flight 9 | . . . . . . 3 1 1 3 1 Utility 34 | 1 2 1 . . . 11 4 6 8 1 Device 23 | . . . . . . 6 4 6 6 1 Storage 2 | 1 1 . . . . . . . . . Processor 5 | . 1 1 . . . 2 . . 1 . Hackware 2 | . . . . . . 1 . . 1 . Protection 2 | . . . . . . 2 . . . . Artifact . | . . . . . . . . . . . Weapon 32 | 2 6 1 . 2 3 13 1 . 3 1 Energy Gun 2 | 1 . . . . . . . . 1 . Energy Cannon 4 | . 1 . . . . 3 . . . . Ballistic Gun 6 | 1 1 1 . 1 1 . . . 1 . Ballistic Cannon . | . . . . . . . . . . . Launcher 11 | . 4 . . . 2 4 1 . . . Special Weapon 3 | . . . . 1 . 1 . . 1 . Impact Weapon . | . . . . . . . . . . . Slashing Weapon 5 | . . . . . . 5 . . . . Piercing Weapon 1 | . . . . . . . . . . 1 Special Melee Weapon . | . . . . . . . . . . . Unidentified Prototypes 2 | . . . . . . 1 1 . . . Parts Lost 43 | . . 1 . . 6 16 . . 19 1 Power 7 | . . 1 . . . 2 . . 4 . Propulsion 16 | . . . . . 2 7 . . 6 1 Utility 9 | . . . . . 1 3 . . 5 . Weapon 11 | . . . . . 3 4 . . 4 . Highest Loss Streak 11 | . . 1 . . 3 11 . . 5 1 To Critical Strikes 1 | . . . . . . 1 . . . . Average Slot Usage (%) 95 | . 98 100 100 100 98 94 98 99 81 74 Engine 7 | . 14 11 11 11 11 5 . . . . Core 2 | . . . . . . 3 7 12 9 5 Treads 19 | . 27 33 33 33 32 17 . . . . Flight 6 | . . . . . . 7 29 26 18 4 Device 11 | . . . . . . 21 29 32 30 24 Storage 8 | . 14 11 11 11 11 6 . . . . Processor 12 | . 13 22 22 22 21 8 7 6 5 10 Hackware 1 | . . . . . . . 7 6 6 10 Protection 1 | . . . . . . 5 . . . . Energy Cannon 1 | . 5 . . . . 1 . . . . Ballistic Gun 5 | . 8 11 11 10 10 . . . . 5 Launcher 9 | . 13 11 11 11 10 9 7 6 1 . Slashing Weapon 2 | . . . . . . 5 7 6 4 . Naked Turns . | . . . . . . . . . . . Heaviest Build 62 | 14 53 53 53 58 53 62 20 29 37 27 Greatest Support 66 | 40 40 66 66 66 66 66 28 29 37 34 Greatest Overweight (x) 14 | . 1 . . 1 . 14 . . 6 2 Average Overweight (x) . | . . . . . . . . . . . Largest Inventory Capacity 20 | 8 20 20 20 20 20 20 5 5 5 5 Average Capacity 14 | 6 18 20 20 20 20 15 5 5 5 5 Most Carried 20 | 4 18 20 20 20 20 20 5 5 5 2 Average Carried 12 | 1 13 18 20 19 17 14 4 4 4 . Final Capacity 20 | 8 20 20 20 20 20 5 5 5 5 5 Final Carried 20 | 4 18 20 20 20 20 5 5 5 1 . Class Distribution -------------------- 58% | Mutant 12% | Infiltrator-Ninja 10% | Scout 6% | Assassin 5% | Skirmisher 4% | Scavenger-Mutant Dominant Class ---------------- Mutant | -10/Materials Mutant | -9/Materials Mutant | -9/Mines Mutant | -9/Exiles Mutant | -8/Mines Assassin | -8/Materials Scout | -7/Factory Infiltrator-Ninja | -6/Factory Infiltrator-Ninja | -5/Factory Scavenger-Mutant | -4/Factory Resources | -11 -10 -9 -9 -9 -8 -8 -7 -6 -5 -4 ----------- Run | Yrd Mat Mat Min Exi Min Mat Fac Fac Fac Fac Matter Collected 2784 | 260 413 302 66 200 172 850 69 228 224 . Remotely . | . . . . . . . . . . . Salvage Created 3431 | . 523 451 68 . 271 1388 69 228 433 . Parts 241 | . 37 40 6 . 12 100 6 14 26 . Haulers Intercepted 3 | . 1 . . . . 2 . . . . Recyclers Shooed 4 | . . 1 . . 1 1 . 1 . . Parts Field Recycled . | . . . . . . . . . . . Retrieved Matter . | . . . . . . . . . . . Parts Self-Destructed . | . . . . . . . . . . . Prevented . | . . . . . . . . . . . Kills | -11 -10 -9 -9 -9 -8 -8 -7 -6 -5 -4 ------- Run | Yrd Mat Mat Min Exi Min Mat Fac Fac Fac Fac Combat Hostiles Destroyed 79 | . 16 15 5 . 12 28 . . 3 . Melee 3 | . . . . . . 3 . . . . Guns 10 | . . 3 1 . 3 . . . 3 . Cannons 6 | . 5 . . . . 1 . . . . AOE 60 | . 11 12 4 . 9 24 . . . . Classes Destroyed 12 | . 8 1 . . 1 1 . . 1 . Worker 21 | . 1 4 1 . . 8 . 3 4 . Builder 15 | . 1 1 . . 1 8 1 1 2 . Tunneler 3 | . . . . . . 2 . 1 . . Hauler 3 | . 1 . . . . 2 . . . . Recycler 8 | . 2 . . . . 3 1 1 1 . Operator 5 | . 2 1 . . . 2 . . . . Watcher 7 | . 3 2 . . . 2 . . . . Swarmer 23 | . 3 4 3 . 4 9 . . . . Grunt 44 | . 13 7 2 . 7 15 . . . . Brawler 2 | . . . . . 1 1 . . . . Sentry 8 | . . 4 . . . 3 . . 1 . Programmer 2 | . . . . . . . . . 2 . Best Kill Streak 17 | . 9 5 3 . 4 17 1 4 3 . Combat Bots Only 9 | . 7 3 3 . 4 9 . . 2 . Max Kills in Single Turn 4 | . 3 4 2 . 3 3 1 1 1 . Gunslinging . | . . . . . . . . . . . Exploded 3 | . 2 2 2 . 3 3 . . . . Melee 1 | . . . . . . 1 . . . . Uniques/NPCs Destroyed . | . . . . . . . . . . . Combat | -11 -10 -9 -9 -9 -8 -8 -7 -6 -5 -4 -------- Run | Yrd Mat Mat Min Exi Min Mat Fac Fac Fac Fac Hostile Shots Fired 437 | . 31 47 14 . 50 137 . . 144 14 Missed 105 | . 6 13 3 . 11 28 . . 39 5 Damage Taken 5653 | . 354 464 110 . 618 1795 . 105 2041 166 Core 1325 | . 51 132 6 . 15 309 . . 790 22 Absorbed by Shields . | . . . . . . . . . . . Regen/Repaired (Parts) 250 | . 231 . . . . . 19 . . . Core Remaining (%) 72 | 100 79 . . . 61 43 100 100 21 . Volleys Fired 178 | . 45 31 10 . 25 41 . . 26 . Largest 2 | . 2 2 2 . 2 2 . . 1 . Hottest 98 | . 98 53 53 . 53 93 . . 65 . Shots Fired 258 | . 63 53 15 . 41 60 . . 26 . Gun 100 | . 10 31 10 . 25 2 . . 22 . Cannon 49 | . 34 . . . . 15 . . . . Launcher 105 | . 19 22 5 . 16 43 . . . . Special 4 | . . . . . . . . . 4 . Kinetic 90 | . 10 31 10 . 25 2 . . 12 . Thermal 34 | . 34 . . . . . . . . . Explosive 89 | . 19 22 5 . 16 27 . . . . Electromagnetic 41 | . . . . . . 31 . . 10 . Robot Hit Streak 13 | . 5 5 5 . 6 7 . . 13 . Robot Miss Streak 3 | . 3 3 2 . 3 2 . . 1 . Penetration Max . | . . . . . . . . . . . Secondary Targets . | . . . . . . . . . . . Shots Hit Robots 175 | . 30 19 7 . 26 49 3 8 33 . Core Hits 211 | . 35 40 8 . 27 85 . 3 13 . Critical Kills 1 | . . . . . . . . . 1 . Critical Parts Destroyed 1 | . . 1 . . . . . . . . Critical Strikes 4 | . . 1 . . . 2 . . 1 . Destroy 2 | . . 1 . . . . . . 1 . Sever 2 | . . . . . . 2 . . . . Melee Attacks 117 | . . . . . . 29 20 24 43 1 Impact . | . . . . . . . . . . . Slashing 116 | . . . . . . 29 20 24 43 . Piercing 1 | . . . . . . . . . . 1 Sneak Attacks 30 | . . . . . . 13 2 8 7 . Combat Hostiles . | . . . . . . . . . . . Follow-up Attacks . | . . . . . . . . . . . Damage Inflicted 11154 | . 2028 1519 449 . 1200 4105 216 582 1055 . Guns 1101 | . 61 290 71 . 250 10 . . 419 . Cannons 539 | . 412 . . . . 127 . . . . Explosions 6735 | . 1520 1208 378 . 928 2701 . . . . Melee 2690 | . . . . . . 1256 216 582 636 . Ramming 89 | . 35 21 . . 22 11 . . . . Kinetic 1050 | . 61 290 71 . 250 10 . . 368 . Thermal 649 | . 568 . . . . 81 . . . . Explosive 5807 | . 1364 1208 378 . 928 1929 . . . . Electromagnetic 869 | . . . . . . 818 . . 51 . Impact . | . . . . . . . . . . . Slashing 2690 | . . . . . . 1256 216 582 636 . Piercing . | . . . . . . . . . . . Highest Corruption 16 | . . . . . . 2 . . 16 . Average Corruption 3 | . . . . . . 1 . . 6 . Corruption Purged . | . . . . . . . . . . . Corruption Blocked . | . . . . . . . . . . . Effects 20 | . . . . . . 7 . . 13 . Message Errors 3 | . . . . . . 2 . . 1 . Matter Fused 4 | . . . . . . 1 . . 3 . Heat Flow Errors 4 | . . . . . . . . . 4 . Energy Discharges 2 | . . . . . . 1 . . 1 . Data Loss (minor) 6 | . . . . . . 3 . . 3 . Alerts 1 | . . . . . . . . . 1 . Overload Shots . | . . . . . . . . . . . Overflow Damage 704 | . 52 4 . . 45 234 121 147 101 . Projectiles . | . . . . . . . . . . . Explosions 117 | . 52 4 . . 45 16 . . . . Melee 587 | . . . . . . 218 121 147 101 . Knockbacks 1 | . 1 . . . . . . . . . Impact 1 | . 1 . . . . . . . . . Kinetic . | . . . . . . . . . . . Secondary . | . . . . . . . . . . . Self-Inflicted Damage 450 | . 45 34 6 . 70 190 . 105 . . Shots 21 | . 1 2 1 . 5 11 . 1 . . Rammed 9 | . 5 1 . . 2 1 . . . . Targets Rammed 12 | . 7 1 . . 2 2 . . . . Kicked . | . . . . . . . . . . . Crushed 3 | . 2 . . . . 1 . . . . Highest Temperature 277 | . 277 26 17 . 66 259 . 5 196 . Average Temperature 46 | . 79 6 6 . 23 63 . 5 34 . Received Heat Transfer 1515 | . 114 141 18 . 315 837 . . 48 42 Effects 2 | . 2 . . . . . . . . . Interference 2 | . 2 . . . . . . . . . Siege Activations . | . . . . . . . . . . . Robots Corrupted . | . . . . . . . . . . . Combat Hostiles . | . . . . . . . . . . . Parts Fried 1 | . . . . . . 1 . . . . Impact Corruptions . | . . . . . . . . . . . Robots Melted . | . . . . . . . . . . . Combat Hostiles . | . . . . . . . . . . . Parts Melted 1 | . 1 . . . . . . . . . Heat Transferred 990 | . 840 . . . . 150 . . . . Parts Sabotaged . | . . . . . . . . . . . Parts Stolen . | . . . . . . . . . . . Parts Stripped . | . . . . . . . . . . . Power Chain Reactions 4 | . . . . . . 4 . . . . Alert | -11 -10 -9 -9 -9 -8 -8 -7 -6 -5 -4 ------- Run | Yrd Mat Mat Min Exi Min Mat Fac Fac Fac Fac Peak Influence 772 | . 683 442 333 . 185 772 215 317 235 136 Initial 172 | . . 48 172 . . 72 168 40 56 114 Average 219 | . 295 167 242 . 117 282 176 193 94 123 Maximum Alert Level 3 | . 2 2 1 . . 3 1 1 1 . Low Security (%) 54 | 100 27 69 38 . 100 49 57 41 85 100 Level 1 31 | . 47 26 61 . . 19 42 58 14 . Level 2 12 | . 25 3 . . . 22 . . . . Level 3 1 | . . . . . . 8 . . . . Level 4 . | . . . . . . . . . . . Level 5 . | . . . . . . . . . . . High Security . | . . . . . . . . . . . Max Security . | . . . . . . . . . . . Squads Dispatched 17 | . 3 3 . . 1 5 . 1 4 . Investigation 3 | . 1 1 . . . . . . 1 . Extermination 2 | . . . . . . . . . 2 . Reinforcement 9 | . 2 2 . . 1 3 . . 1 . Assault 2 | . . . . . . 1 . 1 . . Garrison 1 | . . . . . . 1 . . . . Intercept . | . . . . . . . . . . . Searches Triggered . | . . . . . . . . . . . Construction Impeded 4 | . . 1 . . 1 2 . . . . Haulers Reinforced . | . . . . . . . . . . . Active Scanning Responses . | . . . . . . . . . . . Cargo Convoy Interrupts . | . . . . . . . . . . . Stealth | -11 -10 -9 -9 -9 -8 -8 -7 -6 -5 -4 --------- Run | Yrd Mat Mat Min Exi Min Mat Fac Fac Fac Fac Distress Signals 7 | . 2 2 . . . . 1 . 2 . Communications Jammed 8 | . . . . . . . . . . 8 Distress Signals 8 | . . . . . . . . . . 8 Times Spotted 151 | . 25 21 5 . 12 35 3 1 37 12 Peak Tracking Total 10 | . 6 4 3 . 4 5 5 1 8 10 Tactical Retreats 9 | . . . . . . 1 . . 8 . Traps | -11 -10 -9 -9 -9 -8 -8 -7 -6 -5 -4 ------- Run | Yrd Mat Mat Min Exi Min Mat Fac Fac Fac Fac Traps Triggered 7 | . 2 1 . . . 1 1 . 2 . Indirectly . | . . . . . . . . . . . Trap Hack Attempts . | . . . . . . . . . . . Triggered . | . . . . . . . . . . . Disarmed . | . . . . . . . . . . . Reprogrammed . | . . . . . . . . . . . Reused . | . . . . . . . . . . . Traps Extracted . | . . . . . . . . . . . Installed . | . . . . . . . . . . . Triggered . | . . . . . . . . . . . Machines | -11 -10 -9 -9 -9 -8 -8 -7 -6 -5 -4 ---------- Run | Yrd Mat Mat Min Exi Min Mat Fac Fac Fac Fac Machines Disabled 17 | . 7 1 1 . 1 3 1 3 . . Max in Single Turn 2 | . 2 1 1 . 1 1 1 2 . . Garrison Access 4 | . . . . . . 1 . 1 1 1 Machines Repaired . | . . . . . . . . . . . Machines Dismantled . | . . . . . . . . . . . Machines Sabotaged . | . . . . . . . . . . . Overloaded Fab Kills . | . . . . . . . . . . . Hacking | -11 -10 -9 -9 -9 -8 -8 -7 -6 -5 -4 --------- Run | Yrd Mat Mat Min Exi Min Mat Fac Fac Fac Fac Machines Accessed 38 | . 4 1 . 4 1 5 7 4 9 3 Terminals 20 | . 3 1 . . 1 4 3 1 5 2 Fabricators 3 | . . . . . . . 1 1 1 . Repair Stations 3 | . 1 . . . . 1 1 . . . Recycling Units 4 | . . . . . . . 2 1 1 . Scanalyzers . | . . . . . . . . . . . Garrison Access 4 | . . . . . . . . 1 2 1 Total Hacks 103 | . 10 1 . 27 2 16 15 6 20 6 Successful 59 | . 6 . . 27 1 6 8 1 8 2 Failed 44 | . 4 1 . . 1 10 7 5 12 4 Catastrophic 11 | . 2 1 . . . 2 1 2 3 . Database Lockouts . | . . . . . . . . . . . Manual 19 | . 4 . . 1 1 6 . 2 5 . Terminals 45 | . 4 1 . . 2 14 5 2 12 5 Fabricators 5 | . . . . . . . 3 1 1 . Repair Stations 10 | . 6 . . . . 2 2 . . . Recycling Units 8 | . . . . . . . 5 2 1 . Scanalyzers . | . . . . . . . . . . . Garrison Access 8 | . . . . . . . . 1 6 1 Terminal Hacks 43 | . . . . 27 1 6 2 . 6 1 Record 28 | . . . . 26 . 2 . . . . Prototype ID Bank 1 | . . . . . . . 1 . . . Level Access Points 1 | . . . . . . . 1 . . . Alert Level 2 | . . . . . . . . . 2 . Unreport Threat 3 | . . . . . . 2 . . 1 . Hauler Manifests 2 | . . . . . . 1 . . 1 . Zone Layout 5 | . . . . . 1 1 . . 2 1 Derelict Proto ID Bank 1 | . . . . 1 . . . . . . Fabricator Hacks 1 | . . . . . . . . 1 . . Network Status 1 | . . . . . . . . 1 . . Repair Station Hacks 8 | . 6 . . . . . 2 . . . Scan Component 4 | . 3 . . . . . 1 . . . Repair 4 | . 3 . . . . . 1 . . . Recycling Unit Hacks 5 | . . . . . . . 4 . 1 . Process 1 | . . . . . . . . . 1 . Report Inventory 2 | . . . . . . . 2 . . . Retrieve Matter 2 | . . . . . . . 2 . . . Scanalyzer . | . . . . . . . . . . . Garrison Access Hacks 2 | . . . . . . . . . 1 1 Seal Access 2 | . . . . . . . . . 1 1 Unauthorized Hacks . | . . . . . . . . . . . Terminals . | . . . . . . . . . . . Fabricators . | . . . . . . . . . . . Repair Stations . | . . . . . . . . . . . Recycling Units . | . . . . . . . . . . . Scanalyzers . | . . . . . . . . . . . Garrison Access . | . . . . . . . . . . . Data Cores Recovered 1 | . . . . . . 1 . . . . Used 1 | . . . . . . 1 . . . . Hacking Detections 25 | . 3 1 . . 1 4 5 3 6 2 Full Trace Events 1 | . . . . . . 1 . . . . Feedback Events . | . . . . . . . . . . . Feedback Blocked . | . . . . . . . . . . . Robot Schematics Acquired . | . . . . . . . . . . . Robots Built . | . . . . . . . . . . . Authchips . | . . . . . . . . . . . Time . | . . . . . . . . . . . Total Robot Build Rating . | . . . . . . . . . . . Part Schematics Acquired . | . . . . . . . . . . . Parts Built . | . . . . . . . . . . . Authchips . | . . . . . . . . . . . Time . | . . . . . . . . . . . Total Part Build Rating . | . . . . . . . . . . . Parts Repaired 4 | . 3 . . . . . 1 . . . Time 116 | . 78 . . . . . 38 . . . Parts Recycled . | . . . . . . . . . . . Recycled Matter 1 | . . . . . . . . . 1 . Retrieved Matter . | . . . . . . . . . . . Retrieved Components . | . . . . . . . . . . . Parts Scanalyzed . | . . . . . . . . . . . Part Schematics Acquired . | . . . . . . . . . . . Parts Damaged . | . . . . . . . . . . . Bothacking | -11 -10 -9 -9 -9 -8 -8 -7 -6 -5 -4 ------------ Run | Yrd Mat Mat Min Exi Min Mat Fac Fac Fac Fac Used RIF Installer . | . . . . . . . . . . . Robots Hacked . | . . . . . . . . . . . Non-combat . | . . . . . . . . . . . Combat . | . . . . . . . . . . . Robot Hacks Applied . | . . . . . . . . . . . Relay Couplers Released 2 | . . . . . . 2 . . . . Machine Destruction 2 | . . . . . . 2 . . . . Fabnet Peak Effective % . | . . . . . . . . . . . Robots Rewired . | . . . . . . . . . . . Allies Hacked . | . . . . . . . . . . . Hacks Repelled . | . . . . . . . . . . . Allies | -11 -10 -9 -9 -9 -8 -8 -7 -6 -5 -4 -------- Run | Yrd Mat Mat Min Exi Min Mat Fac Fac Fac Fac Total Allies 4 | . . . . . . . . . 4 . Largest Group 2 | . . . . . . . . . 2 . Highest-Rated Group 95 | . . . . . . . . . 95 . Highest-Rated Ally 54 | . . . . . . . . . 54 . Total Orders . | . . . . . . . . . . . Ally Attacks 26 | . . . . . . . . . 26 . Total Damage 756 | . . . . . . . . . 756 . Kills 6 | . . . . . . . . . 6 . Allies Corrupted . | . . . . . . . . . . . Allies Melted . | . . . . . . . . . . . Field Lobotomies 4 | . . . . . . . . . 4 . Intel | -11 -10 -9 -9 -9 -8 -8 -7 -6 -5 -4 ------- Run | Yrd Mat Mat Min Exi Min Mat Fac Fac Fac Fac Robot Analysis Total . | . . . . . . . . . . . Derelict Logs Recovered 2 | . . . 2 . . . . . . . Drone Launches . | . . . . . . . . . . . Drone Recoveries . | . . . . . . . . . . . Exploration | -11 -10 -9 -9 -9 -8 -8 -7 -6 -5 -4 ------------- Run | Yrd Mat Mat Min Exi Min Mat Fac Fac Fac Fac Turns Passed 8826 | 94 2429 573 570 652 548 1684 453 418 1167 238 Spaces Moved 7563 | 53 960 315 376 441 304 1110 655 816 2308 225 Core 130 | 7 . . . . . 3 . . 120 . Treads 2952 | 46 960 315 376 441 304 510 . . . . Legs 103 | . . . . . . 89 . . . 14 Wheels . | . . . . . . . . . . . Hover 311 | . . . . . . 2 . . 98 211 Flight 4067 | . . . . . . 506 655 816 2090 . Fastest Speed 25 | 50 160 145 145 145 145 30 28 27 25 56 Average Speed 90 | 145 228 145 145 146 152 95 28 27 33 86 Slowest Speed 750 | 160 240 160 145 225 155 750 30 28 350 180 Overloaded Moves . | . . . . . . . . . . . Propulsion Burnouts . | . . . . . . . . . . . Robots Hopped . | . . . . . . . . . . . Cave-ins Triggered . | . . . . . . . . . . . Exploration Rate (%) 48 | 5 97 39 90 81 59 67 15 22 49 6 Regions Visited 10 Branch Regions 3 Pre-discovered Areas 1 | . . . 1 . . . . . . . Known Exits Taken 5 | . . 1 1 1 1 . 1 . . . Unknown Exits Taken 5 | 1 1 . . . . 1 . 1 1 . Scrap Searched 2 | . . . 1 . 1 . . . . . Spaces Dug 75 | . . . . . . 16 15 14 29 1 Terrain Destroyed 570 | . 130 112 24 . 79 143 15 37 29 1 Melee 61 | . . . . . . 2 15 14 29 1 Projectile . | . . . . . . . . . . . AOE 509 | . 130 112 24 . 79 141 . 23 . . Terrain Rammed . | . . . . . . . . . . . Walls Destroyed . | . . . . . . . . . . . Machines Disabled . | . . . . . . . . . . . Actions | -11 -10 -9 -9 -9 -8 -8 -7 -6 -5 -4 --------- Run | Yrd Mat Mat Min Exi Min Mat Fac Fac Fac Fac Total 9106 | 67 1129 386 388 447 345 1623 886 972 2599 264 Wait 959 | 5 81 6 3 . 5 347 187 110 186 29 Move 7553 | 52 959 314 375 440 303 1109 654 815 2307 225 Hop . | . . . . . . . . . . . Pick Up 79 | 4 17 14 . 2 4 25 3 3 7 . Fast Attach 34 | 6 5 1 . 1 . 3 4 1 9 4 Attach 51 | . 2 3 . . 5 24 2 5 7 3 Detach 13 | . 2 . . . . 4 1 4 . 2 Swap 33 | . 4 3 . 1 1 14 . 5 5 . Drop 66 | . 7 13 . 3 . 25 4 5 9 . Fire 178 | . 45 31 10 . 25 41 . . 26 . Melee 117 | . . . . . . 29 20 24 43 1 Ram . | . . . . . . . . . . . Kick . | . . . . . . . . . . . Crush 12 | . 7 1 . . 2 2 . . . . Escape Stasis 11 | . . . . . . . 11 . . . Rewire . | . . . . . . . . . . . Trap . | . . . . . . . . . . . Miscellaneous . | . . . . . . . . . . . Route ------- -11/Scrapyard -10/Materials (discovered 5 exits: *Mat x3 / [*Min] / [*Sub]) -9/Materials (discovered 2 exits: *Min x2) -9/Mines (discovered 2 exits: *Mat / *Exi) -9/Exiles (discovered 2 exits: *Min x2) -8/Mines -8/Materials (discovered 2 exits: *Fac x2) -7/Factory (discovered 4 exits: *Fac x4) -6/Factory -5/Factory -4/Factory (discovered 1 exit: [Arm]) History --------- Turn | Location | Event 33 | -11/Scrapyard | Discovered new exit (range 16) 95 | -11/Scrapyard | Entered Materials 314 | -10/Materials | Discovered new exit (range 16) 317 | -10/Materials | Build established: Mutant 320 | -10/Materials | Destroyed 7 combat bots 445 | -10/Materials | Discovered new exit (range 17) 1209 | -10/Materials | Discovered new exit (range 11) 1339 | -10/Materials | Discovered new exit (range 17) 1920 | -10/Materials | Discovered new exit (range 11) 2008 | -10/Materials | Repaired Lgt. Treads 2035 | -10/Materials | Repaired Lgt. Treads 2063 | -10/Materials | Repaired Grenade Launcher 2524 | -10/Materials | Entered another Materials area 2524 | -9/Materials | Evolved 2 slots: Propulsion x1, Utility x1 2853 | -9/Materials | Discovered new exit (range 12) 2901 | -9/Materials | Identified exit to Mines 2988 | -9/Materials | Discovered exit to Mines (range 18) 3097 | -9/Materials | Entered Mines 3169 | -9/Mines | Learned 2 Materials zone layouts 3199 | -9/Mines | Learned location of Storage (-9) 3458 | -9/Mines | Learned 2 Materials zone layouts 3589 | -9/Mines | Discovered new exit (range 8) 3601 | -9/Mines | Identified exit to Materials 3660 | -9/Mines | Deemed a non-threat by the Exiles lab entrance 3660 | -9/Mines | Discovered new exit (range 5) 3664 | -9/Mines | Identified exit to Exiles 3667 | -9/Mines | Entered Exiles 3692 | -9/Exiles | Discovered new exit (range 15) 3710 | -9/Exiles | Met 8R-AWN 3734 | -9/Exiles | Met EX-HEX 3802 | -9/Exiles | Met EX-DEC 3837 | -9/Exiles | Visited The Gauntlet 3944 | -9/Exiles | Met EX-BIN 3962 | -9/Exiles | Aligned with FarCom system 3963 | -9/Exiles | Given EX-Vault access code 4046 | -9/Exiles | Opened EX-Vault 4076 | -9/Exiles | Found Field Lobotomy Kit 4139 | -9/Exiles | Warned to stay clear of 0b10 Research branches 4303 | -9/Exiles | Discovered new exit (range 12) 4318 | -9/Exiles | Identified exit to Mines 4319 | -9/Exiles | Left Exiles lab with Field Lobotomy Kit 4319 | -9/Exiles | Entered Mines 4479 | -8/Mines | Lost 3 parts (2n1w) 4856 | -8/Mines | Discovered exit to Materials (range 6) 4867 | -8/Mines | Entered Materials 4867 | -8/Materials | Evolved 2 slots: Utility x2 5450 | -8/Materials | Build established: Assassin 5746 | -8/Materials | Destroyed 9 combat bots 5825 | -8/Materials | Lost 3 parts (2n1w) 5888 | -8/Materials | Garrison activated, responded to threat 5981 | -8/Materials | Core integrity fell below 50% 6009 | -8/Materials | Lost 11 parts (2p4n3u2w) 6281 | -8/Materials | Discovered new exit (range 14) 6444 | -8/Materials | Build established: Scout 6540 | -8/Materials | Discovered new exit (range 16) 6551 | -8/Materials | Entered Factory 6551 | -7/Factory | Evolved 2 slots: Propulsion x1, Utility x1 6669 | -7/Factory | Identified exit to Factory 6836 | -7/Factory | Repaired Trap Scanner 7004 | -7/Factory | Entered another Factory area 7004 | -6/Factory | Evolved 2 slots: Power x1, Utility x1 7236 | -6/Factory | Discovered new exit (range 19) 7337 | -6/Factory | Spotted B-75 Beast 7422 | -6/Factory | Entered another Factory area 7422 | -5/Factory | Evolved 2 slots: Propulsion x1, Utility x1 7434 | -5/Factory | Discovered new exit (range 16) 7509 | -5/Factory | Build established: Infiltrator-Ninja 8294 | -5/Factory | Lost 5 parts (1p2n2u) 8327 | -5/Factory | Assimilated S-27 Virus with FLK Orb 8330 | -5/Factory | Assimilated P-70 Sage with FLK Orb 8341 | -5/Factory | Lost 3 parts (2n1u) 8347 | -5/Factory | Assimilated P-70 Sage with FLK Orb 8355 | -5/Factory | Assimilated H-66 Slayer with FLK Orb 8382 | -5/Factory | Core integrity fell below 50% 8417 | -5/Factory | Lost 4 parts (1p1u2w) 8537 | -5/Factory | System corruption reached 10% 8582 | -5/Factory | Lost 5 parts (2p1n1u1w) 8589 | -5/Factory | Entered another Factory area 8589 | -4/Factory | Evolved 2 slots: Utility x2 8649 | -4/Factory | Discovered new exit (range 17) 8827 | -4/Factory | Self-destructed Last Messages --------------- 08635_ K-01 Serf collects debris. 08642_ Acquired Adv. Transmission Jammer. 08649_ Connecting with Terminal... 08649_ EXIT=FOUND >>Layout(Zone) Retrieving Zone 6Q layout... Downloaded map data. 08660_ Acquired Unknown Piercing Weapon. 08660_ Identified Force Lance. 08666_ K-01 Serf pushes S-27 Virus. 08678_ W-44 Eye distress signal jammed. 08683_ K-01 Serf cleans the Manufacturing Mainframe. 08707_ W-44 Eye distress signal jammed. 08799_ C-30 ARC bursts open, deploying its payload. 08799_ G-73 Enforcer unfolds itself. 08799_ G-67 Veteran unfolds itself. 08806_ Antigrav System destroyed. 08826_ C-30 ARC bursts open, deploying its payload. 08826_ S-27 Virus unfolds itself. [Achievement: Just Browsing] Map ----- +----------------------------------------------------+ | ?????????????????????????????????????????????????? | | ?????????????????????????????????????????????????? | | ?????????????????????????????????????????????????? | | ?????????????????????????????????????????????????? | | < / ???????????????????????????? | | / ???????????????????????????? | | #" # ???????????????????????????? | | #" ####+##### ???????????????????????????? | | ##" #?# ## ???????????????????????????? | | # """ #?# ## ???????????????????????????? | | # #?# """## ???????????????????????????? | | # #?# """## ???????????????????????????? | | # " #?# """## w??????????????????????????? | | #"""" #?# ## ???????????????????????????? | | #########?# """## ???????????????????????????? | | ??????????# """## ??#######??????????????????? | | ??????????# """## ?? #??????????????????? | | ??????????# o ## ?? ###????????????????? | | #########?# + ?? ?????????????????? | | T #?# ## ?? #??????????????????? | | #?######## ?? s #??????????????????? | | ##############+## s #??????????????????? | | # g #%s #??????????????????? | | # """" """" #ss #??????????????????? | | """"" # """" """" + #??????????????????? | | """"" # """" """" #@ #??????????????????? | | """ # """" """" # #??????????????????? | | # ggg # #??????????????????? | | # # #??????????????????? | | # = # k#??????????????????? | | ####+############ # ????????????????? | | ##+######### ############ + ???????????????? | | ^ ! ! u##?????????????????? | | #??????????????????? | | ^ "" ! """""" u#??????????????????? | | "F """""" #??????????????????? | | "" """""" w #??????????????????? | | ######## "" """""" #??????????????????? | | #????# #??????????????????? | | " #????# + ???????????????? | | " ###### ##### #??????????????????? | | " + #???? #??????????????????? | | " ###### #????#### #??????????????????? | | " #????# % #???????? #??????????????????? | | #????###+##########???????? #??????????????????? | | #?????? " ?????????????????????????????????????? | | #?????? ?????????????????????????????????????? | | #?????? ????????????????????????????????????? | | #????? ????????????????????????????????????? | | #?????""" "????????????????????????????????????? | +----------------------------------------------------+ Best States ------------- Heat Dissipation 57 Coolant Potential 80 Energy Generation 29 Energy Capacity 420 Matter Stores 300 Matter Capacity 300 Sight Range 22 Terrain Scan Range 20 Terrain Scan Density 110 ECM Strength 2 Jamming Range 16 Cloak Strength 2 Additional Mass Support 9 Armor Coverage 150 Evasion (%) 72 Recoil Reduction 3 Offensive Hacking 10 Defensive Hacking 10 Item Schematics ----------------- None Robot Schematics ------------------ None Fabricated ------------ Nothing Alien Tech Used ----------------- None Achievements -------------- Just Browsing Troublemaker Challenges ------------ None Game ------ Seed MassSegregatorSpecial Manual? 0 Play Time 01:57:45 Cumulative 19.7 hours Start 2024.06.22 @ 17:39:04 End 2024.06.23 @ 13:03:54 Sessions 3 Manual Loads 0 Difficulty Rogue Special Mode None Game No. 20 Rogue 20 Adventurer 0 Explorer 0 Win Type - Total 0 Types 0/0/0/0/0/0/0/0/0 Lore% 16 Gallery% 25 Achievement% 21 Wizard Run 0 Options --------- Layout 0 ASCII 0 Keyboard 0 Movement Mouse Keybinds 0 Fullscreen 2 Font 24/Smallcaps Map View 76x56 Zoom Use 53% Tactical HUD 1 Map Filters NONE Filters NONE Steam 1 RUN: 9106f1eb-d415-4975-8da4-5777e9dc5b67